 Dungeon Crawl Stone Soup version 0.27.1-3-gb3d3a73c9e (webtiles) character file.

Game seed: 6497710669113271074

52 UberPyro the Cutter (level 3, -6/19 HPs)
             Began as a Spriggan Berserker on Oct 22, 2021.
             Was a Follower of Trog.
             Killed by nerve-wracking pain
             ... invoked by Grinder
              (9 damage)
             ... on level 3 of the Dungeon.
             The game lasted 00:03:49 (2589 turns).

UberPyro the Cutter (Spriggan Berserker)            Turns: 2589, Time: 00:03:49

Health: -6/19      AC:  2    Str: 14    XL:     3   Next: 60%
Magic:  4/4        EV: 18    Int:  8    God:    Trog [*.....]
Gold:   66         SH:  0    Dex: 14    Spells: 2/2 levels left

rFire    . . .     SeeInvis +   h - +2 dagger (venom)
rCold    . . .     Faith    .   (shield restricted)
rNeg     . . .     Spirit   .   b - +0 animal skin
rPois    .         Reflect  .   (helmet restricted)
rElec    .         Harm     .   (no cloak)
rCorr    .         Rampage  .   (gloves unavailable)
Will     .....                  (boots unavailable)
Stlth    ++........             (no amulet)
HPRegen  0.06/turn              (no ring)
MPRegen  0.09/turn              (no ring)

@: about to teleport, very quick
A: very small, no large weapons, unfitting armour, see invisible, speed 3
a: Renounce Religion, Berserk


You were on level 3 of the Dungeon.
You worshipped Trog.
Trog was aware of your devotion.
You visited 1 branch of the dungeon, and saw 3 of its levels.

You collected 66 gold pieces.

Inventory:

Hand Weapons
 h - a +2 dagger of venom (weapon)
Armour
 b - a +0 animal skin (worn)
Scrolls
 c - 2 scrolls of teleportation
 d - a scroll of blinking {unknown}
 e - a scroll of immolation {unknown}
 f - a scroll of identify {unknown}
 g - 2 scrolls of noise
Potions
 a - a potion of heal wounds {unknown}
 i - a potion of haste {unknown}
 j - a potion of mutation {unknown}
 k - a potion of lignification {unknown}


   Skills:
 - Level 2.4 Fighting
 + Level 4.4 Short Blades
 - Level 4.0 Dodging
 + Level 3.4 Stealth


You had 2 spell levels left.
You didn't know any spells.
Your spell library was empty.

Dungeon Overview and Level Annotations

Branches:
Dungeon (3/15)

Altars:

Annotations:
D:3 Grinder


Innate Abilities, Weirdness & Mutations

You are very small and have problems with some larger weapons.
You are too small for most types of armour.
You have supernaturally acute eyesight. (SInv)
You cover ground extremely quickly. (Speed+++)


Message History

Grinder is lightly wounded.
You closely miss Grinder.
Grinder is lightly wounded.
Grinder misses you.
You hit Grinder.
Grinder is poisoned.
Grinder is lightly wounded.
Grinder says, "What is the universe for?"
Grinder gestures at you.
You suddenly lose the ability to move!
Grinder blinks!
Grinder gestures at you.
You shrug off the repeated paralysis!
Grinder gestures at you.
You shrug off the repeated paralysis!
Grinder blinks!
You can move again.
You hit Grinder but do no damage.
Grinder is moderately wounded.
Grinder barely misses you.
You barely miss Grinder.
Grinder is moderately wounded.
Grinder hits you!
* * * LOW HITPOINT WARNING * * *
You writhe in agony.
* * * LOW HITPOINT WARNING * * *
You are too injured to fight recklessly!
As you read the scroll labelled VIUTHR NIZA, it crumbles to dust.
You feel strangely unstable.
It was a scroll of teleportation.
As you read the scroll labelled TOPHEMN YTOFI, it crumbles to dust.
You hear a loud clanging noise!
It was a scroll of noise.
You hear a shout! x2
You hit Grinder.
Grinder is severely wounded.
Grinder completely misses you.
You hit Grinder but do no damage.
Grinder is severely wounded.
Grinder gestures at you. Pain shoots through your body!
You die...

#.).......
######.........
#....'.........
######........#
######........#
#..........####
#############.####
#.# #..........
#@######.##......#
#.5......#.......#
##...............#
+...............#
#........#......#
#.!......#......#
######...########
##### # ######


You could see Grinder (poisoned).

Vanquished Creatures
  2 adders (D:2)
  A dart slug (D:2)
  3 endoplasms (D:1)
  2 giant cockroaches (D:2)
  4 goblins
  4 hobgoblins (D:2)
  4 kobolds
  A quokka (D:1)
  2 ball pythons
  2 bats
  4 frilled lizards
  2 rats
31 creatures vanquished.

Notes
Turn   | Place    | Note
-------+----------+-------------------------------------------
     0 | D:1      | UberPyro the Spriggan Berserker began the quest for the
                  | Orb.
     0 | D:1      | Reached XP level 1. HP: 11/11 MP: 2/2
   294 | D:1      | Found a faded altar of an unknown god.
   375 | D:1      | Reached skill level 1 in Stealth
   399 | D:1      | Reached XP level 2. HP: 15/16 MP: 3/3
  1493 | D:2      | Reached XP level 3. HP: 19/19 MP: 4/4
  2563 | D:3      | Noticed Grinder
  2572 | D:3      | Paralysed by Grinder for 6 turns
  2589 | D:3      | Killed from afar by Grinder

Illustrated notes

Levels and vault maps discovered:
D:1:      wander_arrival_fairy_ring, layout_basic,
          chequers_ecumenical_altar_simple_redux, minmay_misc_feat_square
D:2:      layout_basic
D:3:      layout_basic, kennysheep_generic_room_13, uniq_grinder

Skill      XL: |  1  2  3 |
---------------+----------+-----
Stealth        | 1 2 3 |  3.4
Short Blades   | 4 |  4.4
Fighting       | |  2.4
Dodging        | |  4.0

Action                   || total
-------------------------++-------
Melee: Short sword       ||    40
       Dagger            ||    54
  Use: Scroll            ||     2
 Stab: Sleeping          ||     3
       Distracted        ||     1
Armor: Animal skin       ||     3
Dodge: Dodged            ||    61
